 Dungeon Crawl Stone Soup version 0.30.1-4-g462c640d31 (webtiles) character file.

Game seed: 9040849876108629566

98 FishyPogo the Insei (level 4, -11/51 HPs)
             Began as a Gnoll Transmuter on Aug 25, 2023.
             Was a Follower of Lugonu.
             Mangled by Ijyb
             ... wielding a +3 dagger of distortion
              (12 damage)
             ... on level 3 of the Dungeon.
             The game lasted 00:05:23 (1756 turns).

FishyPogo the Insei (Gnoll Transmuter)              Turns: 1756, Time: 00:05:24

Health: -11/51     AC:  2    Str:  7 (10) XL:     4   Next: 71%
Magic:  20/20      EV: 12    Int: 13 (14) God:    Lugonu [*.....]
Gold:   70         SH:  0    Dex:  7 (12) Spells: 7/13 levels left

rFire   . .          .
                       - Unarmed
rCold   . . .        (no shield)
rNeg    . . .        a - +0 robe
rPois   .            (helmet currently unavailable)
rElec   .            (no cloak)
rCorr   .            (no gloves)
SInv    .            (boots currently unavailable)
Will    .....        (no amulet) Stlth
                     i - ring of magical power
HPRegen 0.28/turn    (no ring)
MPRegen 0.17/turn

%: no passive effects
@: berserking, appendages (expiring), attractive, very quick
A: horns 2, talons 2, fangs 1, strong nose, distributed training, deterioration
1, no potion heal 1
a: End Transformation, Renounce Religion, Depart the Abyss


You were on level 3 of the Dungeon.
You worshipped Lugonu.
Lugonu was aware of your devotion.
You had temporarily grown beastly horns and talons.
You visited 1 branch of the dungeon, and saw 3 of its levels.

You collected 70 gold pieces.

Inventory:

Missiles
 d - 22 stones
Armour
 a - a +0 robe (worn)
Jewellery
 i - a ring of magical power (left hand)
Scrolls
 f - 3 scrolls of amnesia {unknown}
 g - a scroll of enchant armour {unknown}
 h - a scroll of poison {unknown}
 j - a scroll of identify {unknown}
 k - a scroll of immolation {unknown}
 l - a scroll of acquirement {unknown}
 o - a scroll of magic mapping {unknown}
Potions
 b - a potion of lignification
 e - 3 potions of degeneration
 q - a potion of heal wounds {unknown}


   Skills:
 + Level 2.8 Fighting
 + Level 1.2 Short Blades
 + Level 1.2 Long Blades
 + Level 1.2 Axes
 + Level 1.2 Maces & Flails
 + Level 1.2 Polearms
 + Level 1.2 Staves
 + Level 1.2 Ranged Weapons
 + Level 1.2 Throwing
 + Level 1.2 Armour
 + Level 4.7 Dodging
 + Level 1.2 Stealth
 + Level 1.2 Shields
 + Level 6.6 Unarmed Combat
 + Level 5.1 Spellcasting
 + Level 1.0 Conjurations
 + Level 1.0 Hexes
 + Level 1.0 Summonings
 + Level 1.0 Necromancy
 + Level 1.0 Translocations
 + Level 3.9 Transmutations
 + Level 1.0 Fire Magic
 + Level 1.0 Ice Magic
 + Level 1.0 Air Magic
 + Level 1.0 Earth Magic
 + Level 1.0 Poison Magic
 + Level 1.4 Invocations
 + Level 1.2 Evocations


You had 7 spell levels left.
You knew the following spells:

 Your Spells              Type           Power      Damage    Failure   Level
a - Beastly Appendage     Tmut           26%        N/A       3%          1
b - Wereblood             Tmut           13%        N/A       5%          2
c - Spider Form           Tmut/Pois      9%         N/A       21%         3

Your spell library contained the following spells:

 Spells                   Type           Power      Damage    Failure   Level
 Lesser Beckoning         Tloc           12%        N/A       19%         2
 Gell's Gravitas          Tloc           6%         N/A       34%         3
 Teleport Other           Tloc           6%         N/A       34%         3
 Ice Form                 Ice/Tmut       9%         N/A       54%         4


Dungeon Overview and Level Annotations

Branches:
Dungeon (3/15)

Altars:
Lugonu

Annotations:
D:3 Ijyb, Sigmund


Innate Abilities, Weirdness & Mutations

You have temporarily grown beastly horns and talons.
You have very sharp teeth.
Your uncanny sense of smell can sniff out nearby items.
Your experience applies equally to all skills.
Your body sometimes deteriorates upon taking damage.
Potions are less effective at restoring your health.


Message History

Casting: Beastly Appendage (safe; 3% risk of failure)
Confirm with . or Enter, or press ? or * to list all spells.
You grow a pair of large bovine horns.
Your feet morph into talons.
Sigmund barely misses you. The hobgoblin barely misses you.
You punch Sigmund!
Sigmund is moderately wounded.
The hobgoblin hits you. Sigmund closely misses you.
You closely miss Sigmund. Your kick misses Sigmund.
Sigmund is moderately wounded.
The hobgoblin barely misses you.
You hit Sigmund. Your kick misses Sigmund. Your headbutt misses Sigmund.
Your bite misses Sigmund.
Sigmund is moderately wounded.
The hobgoblin misses you. Sigmund casts a spell at you.
The magic dart hits you!
You hit Sigmund.
Sigmund is moderately wounded.
Sigmund barely misses you. The hobgoblin barely misses you.
You barely miss Sigmund. You claw Sigmund, but do no damage.
Sigmund is moderately wounded.
The hobgoblin barely misses you.
It was a potion of attraction.
You feel attractive to monsters. Sigmund misses you.
The hobgoblin barely misses you.
Ijyb hits you with a +3 dagger of distortion.
* * * LOW HITPOINT WARNING * * *
Space warps around you.
* * * LOW HITPOINT WARNING * * *
It was a potion of berserk rage.
A red film seems to cover your vision as you go berserk!
You feel yourself moving faster!
You feel mighty!
Your transformation is almost over.
The hobgoblin hits you.
* * * LOW HITPOINT WARNING * * *
Sigmund barely misses you.
Ijyb hits you with a +3 dagger of distortion.
* * * LOW HITPOINT WARNING * * *
Space warps horribly around you!
You die...

...# ##...∆
..# .... #.#
#... #.#
#... #.#
#... #.#
#..g## #(#
#...@# #.#
#.#g@# #<#
#.#..####.##
∆
........K..#
#.#######..#
.. #..# ##
#..# #..# ∆
#...


You could see Sigmund, Ijyb and a hobgoblin.

Vanquished Creatures
  5 adders
  3 worms (D:2)
  2 bats (D:2)
  5 giant cockroaches
  7 goblins
  7 hobgoblins
  3 jackals (D:1)
  3 quokkas
  3 ball pythons
  2 frilled lizards (D:1)
  4 kobolds
  A rat (D:1)
45 creatures vanquished.

Notes
Turn   | Place    | Note
-------+----------+-------------------------------------------
     0 | D:1      | FishyPogo the Gnoll Transmuter began the quest for the Orb.
     0 | D:1      | Reached XP level 1. HP: 17/17 MP: 6/6
   206 | D:1      | Reached XP level 2. HP: 23/23 MP: 5/7
   209 | D:1      | Learned a level 2 spell: Wereblood
   806 | D:1      | Reached skill level 5 in Spellcasting
   806 | D:1      | Reached XP level 3. HP: 24/28 MP: 6/9
   810 | D:1      | Learned a level 3 spell: Spider Form
   822 | D:2      | Reached skill level 1 in Invocations
   904 | D:2      | Reached skill level 1 in Short Blades
   904 | D:2      | Reached skill level 1 in Long Blades
   904 | D:2      | Reached skill level 1 in Axes
   904 | D:2      | Reached skill level 1 in Maces & Flails
   904 | D:2      | Reached skill level 1 in Polearms
   904 | D:2      | Reached skill level 1 in Staves
   904 | D:2      | Reached skill level 1 in Ranged Weapons
   904 | D:2      | Reached skill level 1 in Throwing
   904 | D:2      | Reached skill level 1 in Armour
   904 | D:2      | Reached skill level 1 in Stealth
   904 | D:2      | Reached skill level 1 in Shields
   904 | D:2      | Reached skill level 1 in Evocations
  1026 | D:2      | Reached XP level 4. HP: 13/34 MP: 9/11
  1302 | D:2      | Reached skill level 1 in Conjurations
  1302 | D:2      | Reached skill level 1 in Hexes
  1302 | D:2      | Reached skill level 1 in Summonings
  1302 | D:2      | Reached skill level 1 in Necromancy
  1302 | D:2      | Reached skill level 1 in Translocations
  1302 | D:2      | Reached skill level 1 in Fire Magic
  1302 | D:2      | Reached skill level 1 in Ice Magic
  1302 | D:2      | Reached skill level 1 in Air Magic
  1302 | D:2      | Reached skill level 1 in Earth Magic
  1302 | D:2      | Reached skill level 1 in Poison Magic
  1585 | D:2      | Found a faded altar of an unknown god.
  1592 | D:2      | Prayed at the altar of an unknown god.
  1592 | D:2      | Became a worshipper of Lugonu the Unformed
  1592 | D:2      | Reached * piety under Lugonu
  1706 | D:3      | Noticed Ijyb
  1709 | D:3      | Gained mutation: Your body sometimes deteriorates upon
                  | taking damage. [potion of mutation]
  1709 | D:3      | Gained mutation: Potions are less effective at restoring
                  | your health. [potion of mutation]
  1748 | D:3      | Noticed Sigmund
  1756 | D:3      | HP: 1/51 [Ijyb/+3 dagger of distortion (5)]
  1756 | D:3      | Mangled by Ijyb

Illustrated notes

Levels and vault maps discovered:
D:1:      wander_arrival_desolate, layout_loops_ring
D:2:      layout_loops_ring, basic_ecumenical_altar, serial_bayou_pond_d
D:3:      layout_loops_ring, uniq_sigmund, uniq_ijyb, uniq_jessica

Skill      XL: |  1  2  3  4 |
---------------+-------------+-----
Spellcasting   | 5 |  5.1
Invocations    | 1 |  1.4
Short Blades   | 1 |  1.2
Long Blades    | 1 |  1.2
Axes           | 1 |  1.2
Maces & Flails | 1 |  1.2
Polearms       | 1 |  1.2
Staves         | 1 |  1.2
Ranged Weapons | 1 |  1.2
Throwing       | 1 |  1.2
Armour         | 1 |  1.2
Stealth        | 1 |  1.2
Shields        | 1 |  1.2
Evocations     | 1 |  1.2
Conjurations   | 1 |  1.0
Hexes          | 1 |  1.0
Summonings     | 1 |  1.0
Necromancy     | 1 |  1.0
Translocations | 1 |  1.0
Fire Magic     | 1 |  1.0
Ice Magic      | 1 |  1.0
Air Magic      | 1 |  1.0
Earth Magic    | 1 |  1.0
Poison Magic   | 1 |  1.0
Fighting       | |  2.8
Dodging        | |  4.7
Unarmed Combat | |  6.6
Transmutations | |  3.9

Action                     |  1- 3 |  4- 6 || total
---------------------------+-------+-------++-------
  Melee: Unarmed           |    88 |    27 ||   115
         Kick              |    14 |     3 ||    17
         Headbutt          |     9 |     6 ||    15
         Bite              |     3 |     2 ||     5
         Punch             |     2 |     1 ||     3
   Cast: Beastly Appendage |    17 |     9 ||    26
         Wereblood         |     3 |     1 ||     4
    Use: Potion            |       |     5 ||     5
   Stab: Sleeping          |       |     1 ||     1
 Armour: Robe              |    10 |     4 ||    14
  Dodge: Dodged            |    65 |    18 ||    83
